 Dungeon Crawl Stone Soup version 0.31.0-11-ge490571c62 (console) character file.

Game seed: 2834338175113718827

28831 jejorda2 the Mimic (level 13, -3/104 HPs)
             Began as a Green Draconian Monk on Jan 30, 2024.
             Was an Elder of Nemelex Xobeh.
             Slain by a yak (5 damage)
             ... on level 3 of the Lair of Beasts.
             The game lasted 00:49:46 (13545 turns).

jejorda2 the Mimic (Green Draconian Monk)          Turns: 13545, Time: 00:49:48

Health: -3/104     AC: 13    Str: 17    XL:     13   Next: 11%
Magic:  0/19       EV: 12    Int: 11    God:    Nemelex Xobeh [****..]
Gold:   1192       SH:  0    Dex: 15    Spells: 12/12 levels left

rFire   . .          .
                       - Unarmed
rCold   . . .        (no shield)
rNeg    . . .        (body armour unavailable)
rPois   +            (helmet restricted)
rElec   .            (no cloak)
rCorr   .            i - +0 pair of gloves
SInv    .            (no boots)
Will    +....        c - amulet of guardian spirit
Stlth   +            j - ring of willpower
HPRegen 0.37/turn    n - +4 ring of protection
MPRegen 0.16/turn

%: guardian spirit
@: short of breath, maw-form, studying 2 skills
A: devouring maw, breathe noxious fumes, AC +8, unfitting armour, poison
resistance, cold-blooded
a: Breathe Noxious Fumes, Begin Untransformation, Renounce Religion, Draw
Escape, Draw Destruction, Draw Summoning, Triple Draw, Deal Four


You were on level 3 of the Lair of Beasts.
You worshipped Nemelex Xobeh.
Nemelex Xobeh was greatly pleased with you.
You were a creature with a mouth for a stomach.
You visited 3 branches of the dungeon, and saw 14 of its levels.
You also visited: Bailey.

You collected 1544 gold pieces.
You spent 352 gold pieces at shops.

Inventory:

Missiles
 b - 2 atropa-tipped darts
 e - 19 boomerangs
 m - 10 javelins
 D - 17 poisoned darts
Armour
 i - a +0 pair of gloves (worn)
Jewellery
 c - an amulet of guardian spirit (around neck)
 j - a ring of willpower (left hand)
 n - a +4 ring of protection (right hand)
 H - a ring of positive energy
Talismans
 y - a maw talisman (active)
Wands
 r - a wand of flame (7)
 u - a wand of acid (17)
 B - a wand of mindburst (11)
 J - a wand of roots (17)
Scrolls
 h - 3 scrolls of identify
 l - 4 scrolls of teleportation
 p - 2 scrolls of blinking
 w - 4 scrolls of fear
 z - 2 scrolls of immolation
 A - a scroll of revelation
 C - a scroll of summoning
 I - 2 scrolls of fog
Potions
 a - a potion of ambrosia
 d - a potion of cancellation
 f - 2 potions of might
 g - 2 potions of resistance
 k - 9 potions of enlightenment
 o - a potion of attraction
 q - 2 potions of berserk rage
 t - 4 potions of curing
 E - a potion of mutation


   Skills:
 + Level 6.8 Fighting
 - Level 2.6 Dodging
 - Level 11.3 Unarmed Combat
 - Level 9.0 Invocations
 + Level 8.2 Evocations
 * Level 14.5 Shapeshifting


You had 12 spell levels left.
You didn't know any spells.
Your spell library contained the following spells:

 Spells                   Type           Power      Damage    Failure   Level
 Apportation              Tloc           0%         N/A       34%         1
 Kiss of Death            Conj/Necr      0%         2d5       34%         1
 Magic Dart               Conj           0%         1d3       34%         1
 Blink                    Tloc           0%         N/A       47%         2
 Call Imp                 Summ           0%         N/A       47%         2
 Jinxbite                 Hex            0%         N/A       47%         2
 Lesser Beckoning         Tloc           0%         N/A       47%         2
 Searing Ray              Conj           0%         2d4       47%         2
 Confusing Touch          Hex            0%         N/A       71%         3
 Gell's Gravitas          Tloc           0%         N/A       71%         3
 Inner Flame              Hex/Fire       0%         N/A       71%         3
 Teleport Other           Tloc           0%         N/A       71%         3
 Cause Fear               Hex            0%         N/A       98%         4
 Dispel Undead            Necr           0%         3d6       98%         4
 Flame Wave               Conj/Fire      0%         2d4       98%         4
 Fulminant Prism          Conj/Alch      0%         3d5       98%         4
 Leda's Liquefaction      Alch/Erth      0%         N/A       98%         4
 Sticky Flame             Fire/Alch      0%         2d4       98%         4
 Vhi's Electric Charge    Tloc/Air       0%         N/A       98%         4
 Alistair's Intoxication  Alch           0%         N/A       100%        5
 Arcjolt                  Conj/Air       0%         1d10      100%        5
 Fireball                 Conj/Fire      0%         3d3       100%        5
 Lee's Rapid Deconstruct  Erth           0%         3d4*      100%        5
 Summon Forest            Summ/Tloc      0%         N/A       100%        5
 Summon Mana Viper        Hex/Summ       0%         N/A       100%        5
 Bombard                  Conj/Erth      0%         9d1       100%        6
 Summon Cactus Giant      Summ           0%         N/A       100%        6
 Maxwell's Capacitive Co  Air            0%         ∞         100%        8
 Dragon's Call            Summ           0%         N/A       100%        9


Dungeon Overview and Level Annotations

Branches:
Dungeon (10/15)            Temple (1/1) D:7            Lair (3/5) D:10
 Shoals (0/4) Lair:3        Snake (0/4) Lair:3          Orc (0/2) D:10
 Bailey (visited)

Altars:
Ashenzari
Cheibriados
Dithmenos
Elyvilon
Fedhas
Gozag
Hepliaklqana
Kikubaaqudgha
Makhleb
Nemelex Xobeh
Okawaru
Qazlal
Ru
Sif Muna
Trog
Uskayaw
Vehumet
Wu Jian
Xom
Yredelemnul
Zin
The Shining One

Shops:
D:10 !

Annotations:
Lair:3 exclusion: 2 oklob plants


Innate Abilities, Weirdness & Mutations

You are a creature with a mouth for a stomach.
Your midsection houses a second, enormous mouth.
You can breathe blasts of noxious fumes.
Your lurid green scales are hard. (AC +8)
You cannot fit into any form of body armour.
Your system is resistant to poisons. (rPois)
You are cold-blooded and may be slowed by cold attacks.


Message History

You draw a card...
You have drawn the Orb.
Press: ? - help, Shift-Dir - straight line, f - Fannar
Aim: Fannar, wielding a staff of cold and wearing a +1 robe of cold resistance (almost dead)
The wavering orb of destruction weakly hits Fannar!
You blow up Fannar!
The ice beast disappears in a puff of smoke!
The bullfrog barely misses you. x2
Unknown command.
Aiming: Breathe Noxious Fumes (2% risk of failure)
Press: ? - help, Shift-Dir - straight line, f - yak
Aim: a yak (78% to hit)
You exhale a blast of noxious fumes.
The blast of choking fumes hits the yak.
The yak is lightly wounded.
The blast of choking fumes hits the yak.
The yak is lightly wounded.
The bullfrog releases a deep croak.
The bullfrog barely misses you.
The yak is engulfed in noxious fumes. x2
The yak appears confused.
The bullfrog barely misses you.
Unknown command.
Unknown command.
You barely miss the bullfrog. You tail-slap the bullfrog.
Your bite misses the bullfrog.
The bullfrog is lightly wounded.
The bullfrog hits you but does no damage.
The yak gores you!
* * * LOW HITPOINT WARNING * * *
The yak is engulfed in noxious fumes.
The yak appears confused.
The yak gores you.
* * * LOW HITPOINT WARNING * * *
The bullfrog hits you but does no damage.
The yak misses you.
You punch the bullfrog! Your bite misses the bullfrog.
The bullfrog is severely wounded.
You feel yourself speed up. The bullfrog misses you.
The yak is engulfed in noxious fumes.
The yak gores you.
You die...
Your body glows with a rainbow of weird colours and disappears.

....#.....##.###.......#...
...........#.# ###...####..
.............###.......#...
..............#............
.....[...:......).÷...<..P.
....................#...#..
...................#.....P.
.........F##..###...~......
....○○○○○YW|#.# #.~~~~~.~..
.........#Y##..##.~~~~~~~..
....##.....# .....~~#.#~~..
....#.#...... ....~~.>.~...
.....#.....^.# ~~#.#~...
...................~~~~~...
......##........~~.~~~...
..... ..................
...............


You could see 2 yaks and a bullfrog.

Vanquished Creatures
  Fannar (Lair:3)
  A hydra (Lair:3)
  Erica (Lair:2)
  A boulder beetle (D:8)
  2 two-headed ogres
  Urug (Lair:2)
  Nergalle (Lair:2)
  4 harpies (Lair:3)
  An oklob plant (Lair:1)
  An elephant (Lair:2)
  Joseph (D:8)
  A black mamba (Lair:2)
  Maggie (D:8)
  7 cane toads
  3 komodo dragons
  2 trolls
  3 blink frogs (Lair:1)
  Sigmund (D:3)
  2 shadows (D:10)
  5 wyverns
  19 yaks
  A vampire (D:9)
  A wraith (D:10)
  4 basilisks
  2 vampire mosquitoes (D:10)
  A steam dragon (D:7)
  2 acid dragons (D:9)
  A naga (Lair:2)
  Duvessa (D:5)
  5 water moccasins
  12 orc warriors
  A sky beast (D:8)
  An ice beast (D:5)
  3 black bears
  3 ogres
  6 wolves (Lair:3)
  2 centaurs (D:9)
  A kobold brigand (D:6)
  7 bullfrogs
  2 scorpions
  Dowan (D:5)
  9 killer bees
  4 hounds
  2 bombardier beetles
  9 orc priests
  A jelly (D:7)
  A sleepcap (D:6)
  4 iguanas
  13 orc wizards
  8 gnolls
  5 adders
  2 shadow imps
  A white imp (D:6)
  2 ufetubi (D:6)
  2 dart slugs
  A ribbon worm (D:3)
  42 orcs
  6 ball pythons
  6 endoplasms
  2 giant cockroaches (D:4)
  4 goblins
  5 hobgoblins
  6 jackals
  16 kobolds
  2 quokkas (D:4)
  3 bats
  3 frilled lizards
  3 rats
278 creatures vanquished.

Vanquished Creatures (collateral kills)
  A boulder beetle (D:9)
  2 elephants (Lair:2)
  2 cane toads (Lair:3)
  A wyvern (D:9)
  A naga (Lair:3)
  A killer bee (D:9)
8 creatures vanquished.

Grand Total: 286 creatures vanquished

Notes
Turn   | Place    | Note
-------+----------+-------------------------------------------
     0 | D:1      | jejorda2 the Draconian Monk began the quest for the Orb.
     0 | D:1      | Reached XP level 1. HP: 19/19 MP: 1/1
     2 | D:1      | You fall into a shaft and drop 1 floor!
   490 | D:1      | Reached skill level 1 in Shapeshifting
   492 | D:1      | Reached XP level 2. HP: 26/26 MP: 2/2
   856 | D:2      | Reached XP level 3. HP: 31/31 MP: 3/3
   888 | D:2      | Reached skill level 2 in Shapeshifting
  1139 | D:3      | Reached XP level 4. HP: 33/38 MP: 4/4
  1246 | D:3      | Reached skill level 3 in Shapeshifting
  1335 | D:3      | Noticed Sigmund
  1346 | D:3      | Killed Sigmund
  1347 | D:3      | Reached skill level 4 in Shapeshifting
  1347 | D:3      | Reached XP level 5. HP: 30/45 MP: 3/5
  1539 | D:3      | Noticed a black bear
  1569 | D:3      | Killed a black bear
  1570 | D:3      | Reached XP level 6. HP: 12/51 MP: 1/6
  2639 | D:3      | Found a faded altar of an unknown god.
  2897 | D:4      | Reached skill level 5 in Unarmed Combat
  2921 | D:4      | Reached skill level 5 in Shapeshifting
  3161 | D:4      | Your scales start taking on a lurid green colour.
  3161 | D:4      | Reached XP level 7. HP: 45/57 MP: 3/7
  3161 | D:4      | Gained mutation: Your system is resistant to poisons.
                  | (rPois) [Green Draconian growth]
  3262 | D:4      | Found a shimmering blue altar of Sif Muna.
  3473 | D:5      | Entered Level 5 of the Dungeon
  3634 | D:5      | Reached skill level 6 in Shapeshifting
  3999 | D:5      | Reached XP level 8. HP: 53/63 MP: 5/8
  4042 | D:5      | Noticed Duvessa
  4044 | D:5      | Noticed Dowan
  4051 | D:5      | Killed Dowan
  4068 | D:5      | Killed Duvessa
  4069 | D:5      | Reached skill level 7 in Shapeshifting
  4821 | D:6      | Found a sacrificial altar of Ru.
  4828 | D:6      | Found an ancient bone altar of Kikubaaqudgha.
  4981 | D:6      | Reached skill level 8 in Shapeshifting
  5464 | D:7      | Reached XP level 9. HP: 70/70 MP: 9/9
  5546 | D:7      | Reached skill level 9 in Shapeshifting
  5805 | D:7      | Found a basalt altar of Yredelemnul.
  5888 | D:7      | Found a staircase to the Ecumenical Temple.
  5908 | Temple   | Entered the Ecumenical Temple
  5917 | Temple   | Became a worshipper of Nemelex Xobeh the Trickster
  5917 | Temple   | Reached * piety under Nemelex Xobeh
  5917 | Temple   | Received a gift from Nemelex Xobeh
  5917 | Temple   | Reached ** piety under Nemelex Xobeh
  6117 | D:7      | Reached skill level 1 in Invocations
  6222 | D:8      | Noticed a boulder beetle
  6253 | D:8      | HP: 1/66 [boulder beetle (11)]
  6258 | D:8      | Killed a boulder beetle
  6259 | D:8      | Reached skill level 10 in Shapeshifting
  6540 | D:8      | Noticed Joseph
  6554 | D:8      | Killed Joseph
  6675 | D:8      | Noticed Maggie
  6698 | D:8      | Killed Maggie
  6699 | D:8      | Reached XP level 10. HP: 51/77 MP: 6/12
  6856 | D:8      | Received a gift from Nemelex Xobeh
  6968 | D:9      | Found a flagged portal.
  6991 | Bailey   | Entered a bailey
  6999 | Bailey   | Reached XP level 11. HP: 82/82 MP: 12/17
  7250 | Bailey   | Reached skill level 1 in Evocations
  7879 | D:9      | Reached skill level 11 in Shapeshifting
  8181 | D:9      | Noticed a boulder beetle
  8181 | D:9      | Noticed a two-headed ogre
  8192 | D:9      | Killed a two-headed ogre
  8194 | D:9      | Killed a boulder beetle
  8625 | D:10     | Entered Level 10 of the Dungeon
  8625 | D:10     | Reached *** piety under Nemelex Xobeh
  8676 | D:10     | Received a gift from Nemelex Xobeh
  8789 | D:10     | Found Jihus's Distillery.
  8797 | D:10     | Bought a potion of cancellation for 128 gold pieces
  8797 | D:10     | Bought a potion of might for 64 gold pieces
  8797 | D:10     | Bought a potion of resistance for 160 gold pieces
  8819 | D:10     | Reached skill level 12 in Shapeshifting
  9010 | D:10     | Noticed a two-headed ogre
  9020 | D:10     | Killed a two-headed ogre
  9109 | D:10     | Found a hazy altar of Hepliaklqana.
  9287 | D:10     | Found a staircase to the Orcish Mines.
  9376 | D:10     | Reached skill level 5 in Evocations
  9423 | D:10     | Found a staircase to the Lair.
  9462 | D:10     | Reached XP level 12. HP: 47/89 MP: 9/18
  9825 | Lair:1   | Entered Level 1 of the Lair of Beasts
 10633 | Lair:1   | Received a gift from Nemelex Xobeh
 10875 | Lair:2   | Reached **** piety under Nemelex Xobeh
 10896 | Lair:2   | Reached skill level 13 in Shapeshifting
 11497 | Lair:2   | Noticed Urug
 11733 | Lair:2   | Killed Urug
 11947 | Lair:2   | Noticed Erica
 11955 | Lair:2   | Received a gift from Nemelex Xobeh
 11962 | Lair:2   | Killed Erica
 11963 | Lair:2   | Reached skill level 5 in Fighting
 12102 | Lair:2   | Identified a scroll of acquirement
 12102 | Lair:2   | Acquired a manual of Evocations
 12424 | Lair:3   | Found a staircase to the Shoals.
 12424 | Lair:3   | Found a staircase to the Snake Pit.
 12607 | Lair:3   | Reached skill level 14 in Shapeshifting
 13059 | Lair:3   | Noticed Nergalle
 13183 | Lair:2   | Killed Nergalle
 13188 | Lair:2   | Reached XP level 13. HP: 80/103 MP: 13/19
 13515 | Lair:3   | Noticed Fannar
 13542 | Lair:3   | Killed Fannar
 13544 | Lair:3   | HP: 4/104 [yak (7)]
 13544 | Lair:3   | HP: 1/104 [yak (3)]
 13545 | Lair:3   | Slain by a yak

Illustrated notes

Levels and vault maps discovered:
D:1:      co_arrival_square_in_a_square_in_a_square, layout_basic,
          minmay_misc_feat_nine_boxes
D:2:      layout_basic, nicolae_underground_beach
D:3:      layout_basic, ebering_ecumenical_altar_rust, kennysheep_nondescript,
          uniq_sigmund
D:4:      layout_basic, kennysheep_orc_sif_temple, minmay_close_crescents
D:5:      layout_loops_cross, uniq_duvessa
D:6:      layout_loops_cross, amethyst_overflow_temple_binary,
          minmay_misc_feat_chi
D:7:      layout_basic, mainiacjoe_overflow_six_doors_small,
          minmay_temple_entry_gardened_gates, amcnicky_mini_corridor_feature
D:8:      layout_basic, uniq_joseph, uniq_maggie
D:9:      layout_basic, enter_bailey_2
D:10:     layout_long_grid, worldfamousw_hep_ancestral_shrine, lair_entry_dummy,
          david_orc_4, serial_shops, nicolae_shop_pleasant_corner_grove
Temple:   nicolae_temple_bog_church
Lair:1:   layout_gridlike, minmay_lair_oklob_bushes, grunt_megastairs_1
Lair:2:   layout_chaotic_city, uniq_urug, uniq_erica
Lair:3:   layout_hall_layers, nicolae_shoals_entry_roost,
          minmay_snake_entry_guardpost_small, dpeg_oklob_1, uniq_fannar,
          uniq_gastronok, uniq_nergalle

Skill      XL: |  1  2  3  4  5  6  7  8  9 10 11 12 13 |
---------------+----------------------------------------+-----
Shapeshifting  | 1 2 4 5 6 8 10 12 14 | 14.5
Unarmed Combat | 4 5 6 7 8 11 | 11.3
Invocations    | 3 8 9 |  9.0
Evocations     | 5 7 8 |  8.2
Fighting       | 6 |  6.8
Dodging        | |  2.6

Action                     |  1- 3 |  4- 6 |  7- 9 | 10-12 | 13-15 || total
---------------------------+-------+-------+-------+-------+-------++-------
  Melee: Unarmed           |    88 |   126 |   255 |   446 |    29 ||   944
         Tailslap          |    11 |    20 |    65 |    77 |     6 ||   179
         Punch             |     2 |     2 |    13 |    36 |     7 ||    60
         Maw               |       |       |    37 |   177 |    11 ||   225
  Throw: Javelin           |       |     2 |     1 |       |       ||     3
         Boomerang         |       |       |       |    10 |       ||    10
 Invoke: Draw Destruction  |       |       |     3 |     9 |     1 ||    13
         Draw Summoning    |       |       |     1 |     4 |     1 ||     6
         Draw Escape       |       |       |       |       |     1 ||     1
Ability: Breathe Noxious F |       |       |    23 |    24 |     2 ||    49
  Evoke: Wand              |       |       |     2 |       |       ||     2
    Use: Potion            |       |       |     1 |     4 |     2 ||     7
         Scroll            |       |       |       |    23 |       ||    23
   Stab: Sleeping          |     2 |       |     1 |     2 |       ||     5
         Distracted        |       |     1 |       |       |       ||     1
         Confused          |       |       |    21 |    14 |     3 ||    38
 Armour: Skin              |    43 |    59 |   119 |   346 |    60 ||   627
  Dodge: Dodged            |    47 |    74 |   119 |   299 |    37 ||   576
   Form: Beast             |     1 |       |       |       |       ||     1
         Maw               |       |       |     1 |       |       ||     1
